[Event "23rd Alekhine Master 2019"]
[Site "Voronezh"]
[Date "2019.06.14"]
[Round "3.5"]
[White "Shariyazdanov, Andrey"]
[Black "Nesterov, Arseniy"]
[Result "0-1"]
[ECO "A17"]
[WhiteElo "2526"]
[BlackElo "2423"]
[Annotator "ChessBase"]
[PlyCount "87"]
[EventDate "2019.06.12"]
[EventType "swiss"]
[EventCountry "RUS"]
[SourceTitle "playchess.com"]
[Source "ChessBase"]
[SourceQuality "1"]
[TimeControl "40/5400+30:1800+30"]

1. c4 Nf6 2. Nf3 e6 3. Nc3 Bb4 4. Qc2 c5 5. a3 Ba5 6. e3 O-O 7. d4 b6 8. Bd2 Bb7 9. Bd3 Bxf3 10. gxf3 Nc6 11. d5 Ne5 12. Be2 exd5 13. cxd5 Re8 14. f4 Ng6 15. d6 Qb8 16. Bf3 Qxd6 17. Bxa8 Rxa8 18. O-O-O Qc6 19. h4 d5 20. Kb1 Ne7 21. Rhg1 Rc8 22. Qd3 h6 23. f3 Qe6 24. e4 d4 25. Ne2 Bxd2 26. Qxd2 Qb3 27. Rdf1 Nc6 28. Nc1 Qb5 29. Rf2 c4 30. Rfg2 Ne8 31. Rxg7+ Nxg7 32. Qg2 Kf8 33. Qxg7+ Ke7 34. e5 Qd5 35. Rg6 Rd8 36. f5 Ke8 37. Rxh6 Nxe5 38. f4 Nc6 39. Qf6 d3 40. Rh8+ Kd7 41. Rxd8+ Nxd8 42. Qe5 Qxe5 43. fxe5 d2 44. Kc2 0-1

[Event "23rd Alekhine Master 2019"]
[Site "Voronezh"]
[Date "2019.06.14"]
[Round "3.6"]
[White "Yeletsky, Ivan"]
[Black "Moiseenko, Vadim"]
[Result "1/2-1/2"]
[ECO "C60"]
[WhiteElo "2438"]
[BlackElo "2525"]
[Annotator "ChessBase"]
[PlyCount "81"]
[EventDate "2019.06.12"]
[EventType "swiss"]
[EventCountry "RUS"]
[SourceTitle "playchess.com"]
[Source "ChessBase"]
[SourceQuality "1"]
[TimeControl "40/5400+30:1800+30"]

1. e4 e5 2. Nf3 Nc6 3. Bb5 g6 4. d4 exd4 5. Bg5 Be7 6. Bxe7 Ngxe7 7. Nxd4 O-O 8. Nc3 d6 9. Qd2 Nxd4 10. Qxd4 a6 11. Be2 c5 12. Qd2 Nc6 13. O-O-O Nd4 14. Bc4 Be6 15. Bxe6 fxe6 16. f3 Qf6 17. Kb1 Rad8 18. h4 Nc6 19. h5 g5 20. e5 Qxe5 21. Rhe1 Qf4 22. Ne4 Rf5 23. Qxf4 gxf4 24. Nxd6 Rxh5 25. Nxb7 Rxd1+ 26. Rxd1 c4 27. Nd8 Nxd8 28. Rxd8+ Kf7 29. c3 Rh1+ 30. Kc2 Ra1 31. Rd4 e5 32. Rxc4 Rg1 33. Kd3 Rxg2 34. Ke4 Kf6 35. Rc6+ Kg5 36. Kxe5 Rxb2 37. Rxa6 Re2+ 38. Kd4 Rd2+ 39. Ke4 Re2+ 40. Kd4 Rd2+ 41. Ke4 1/2-1/2

[Event "23rd Alekhine Master 2019"]
[Site "Voronezh"]
[Date "2019.06.14"]
[Round "3.7"]
[White "Afanasiev, Nikita"]
[Black "Yangutov, Aleksey"]
[Result "1-0"]
[ECO "E38"]
[WhiteElo "2524"]
[BlackElo "2049"]
[Annotator "ChessBase"]
[PlyCount "49"]
[EventDate "2019.06.12"]
[EventType "swiss"]
[EventCountry "RUS"]
[SourceTitle "playchess.com"]
[Source "ChessBase"]
[SourceQuality "1"]
[TimeControl "40/5400+30:1800+30"]

1. d4 Nf6 2. c4 e6 3. Nc3 Bb4 4. Qc2 c5 5. dxc5 Na6 6. a3 Bxc3+ 7. Qxc3 Nxc5 8. b4 Nce4 9. Qb2 d5 10. c5 d4 11. e3 dxe3 12. Bxe3 O-O 13. Qc2 h6 14. Bd3 Qd5 15. Rd1 Kh8 16. f3 Ng5 17. h4 Qe5 18. Kf2 Ngh7 19. Ne2 Qc7 20. g4 Nd5 21. Bxh7 Nxe3 22. Kxe3 f5 23. Bg6 Qe5+ 24. Kf2 fxg4 25. Qe4 1-0

[Event "23rd Alekhine Master 2019"]
[Site "Voronezh"]
[Date "2019.06.14"]
[Round "3.9"]
[White "Shaposhnikov, Evgeny"]
[Black "Makarian, Rudik"]
[Result "1-0"]
[ECO "A05"]
[WhiteElo "2572"]
[BlackElo "2383"]
[Annotator "ChessBase"]
[PlyCount "43"]
[EventDate "2019.06.12"]
[EventType "swiss"]
[EventCountry "RUS"]
[SourceTitle "playchess.com"]
[Source "ChessBase"]
[SourceQuality "1"]
[TimeControl "40/5400+30:1800+30"]

1. Nf3 Nf6 2. c4 e6 3. d4 c5 4. g3 Qa5+ 5. Nbd2 cxd4 6. Nxd4 Nc6 7. N4f3 e5 8. e3 Bc5 9. Bg2 e4 10. Ng5 Bxe3 11. Ngxe4 Nxe4 12. Bxe4 Bb6 13. O-O O-O 14. Nb3 Qe5 15. Re1 Qf6 16. Bf4 d6 17. Bxc6 bxc6 18. Qxd6 Be6 19. c5 Bd8 20. Qxc6 Rc8 21. Qb7 a5 22. Bd6 1-0

[Event "23rd Alekhine Master 2019"]
[Site "Voronezh"]
[Date "2019.06.14"]
[Round "3.10"]
[White "Korchmar, Vasiliy"]
[Black "Goganov, Aleksey"]
[Result "0-1"]
[ECO "D43"]
[WhiteElo "2419"]
[BlackElo "2559"]
[Annotator "ChessBase"]
[PlyCount "92"]
[EventDate "2019.06.12"]
[EventType "swiss"]
[EventCountry "RUS"]
[SourceTitle "playchess.com"]
[Source "ChessBase"]
[SourceQuality "1"]
[TimeControl "40/5400+30:1800+30"]

1. d4 d5 2. c4 c6 3. Nf3 Nf6 4. Nc3 e6 5. Bg5 h6 6. Bh4 dxc4 7. e4 g5 8. Bg3 b5 9. Be2 Bb7 10. O-O Nbd7 11. Ne5 Bb4 12. Qc2 a6 13. Rad1 Qe7 14. a4 Nxe5 15. Bxe5 O-O 16. b3 Bxc3 17. Bxf6 Qxf6 18. Qxc3 c5 19. e5 cxd4 20. Qxd4 Qf4 21. Qxf4 gxf4 22. bxc4 bxa4 23. Ra1 Rac8 24. Rxa4 Rc5 25. Bf3 Bxf3 26. gxf3 a5 27. Re1 Rd8 28. Rea1 Ra8 29. Re1 Kh7 30. Re4 Kg6 31. Rxf4 Rxe5 32. Kg2 Rc5 33. Rd4 Kf5 34. Rh4 Kg6 35. Rd4 Rb8 36. Rd2 Rb4 37. Rxb4 axb4 38. Rd4 e5 39. Rd6+ f6 40. Rb6 Rxc4 41. Kg3 Kf7 42. Rb7+ Ke6 43. Rb6+ Kd5 44. Rxf6 Rc6 45. Rf5 b3 46. f4 Rc3+ 0-1

[Event "23rd Alekhine Master 2019"]
[Site "Voronezh"]
[Date "2019.06.14"]
[Round "3.10"]
[White "Korchmar, Vasiliy"]
[Black "Goganov, Aleksey"]
[Result "*"]
[ECO "B27"]
[WhiteElo "2419"]
[BlackElo "2559"]
[Annotator "ChessBase"]
[PlyCount "96"]
[EventDate "2019.06.12"]
[EventType "swiss"]
[EventCountry "RUS"]
[SourceTitle "playchess.com"]
[Source "ChessBase"]
[SourceQuality "1"]
[TimeControl "40/5400+30:1800+30"]

1. e4 c5 2. Nf3 g6 3. d4 cxd4 4. Nxd4 Nf6 5. Nc3 Bg7 6. e5 Ng8 7. f4 Nh6 8. Bc4 Nc6 9. Be3 O-O 10. Nxc6 bxc6 11. Qd2 d5 12. O-O-O Qa5 13. Be2 f6 14. h4 Nf5 15. g4 Nxe3 16. Qxe3 fxe5 17. fxe5 Qb6 18. Qg5 Rb8 19. Qxe7 Qxb2+ 20. Kd2 Qb4 21. Qxb4 Rxb4 22. Rb1 Rxb1 23. Rxb1 Bxe5 24. Na4 Rf4 25. Nc5 Bd6 26. Nd3 Ra4 27. Rf1 Kg7 28. g5 Rxh4 29. Rf6 Be7 30. Rxc6 Bxg5+ 31. Kc3 Rc4+ 32. Rxc4 dxc4 33. Kxc4 Be6+ 34. Kb5 Bxa2 35. Nb4 Be6 36. c4 Bd2 37. Nc2 a5 38. c5 h5 39. c6 h4 40. c7 Bd7+ 41. Kc5 h3 42. Kd6 Bc8 43. Bf3 a4 44. Nd4 Bb4+ 45. Kc6 a3 46. Bd5 h2 47. Kb5 Bd6 48. Kc6 Be5 *

[Event "23rd Alekhine Master 2019"]
[Site "Voronezh"]
[Date "2019.06.14"]
[Round "3.13"]
[White "Tologontegin, Semetey"]
[Black "Utegaliyev, Azamat"]
[Result "0-1"]
[ECO "A36"]
[WhiteElo "2386"]
[BlackElo "2495"]
[Annotator "ChessBase"]
[PlyCount "88"]
[EventDate "2019.06.12"]
[EventType "swiss"]
[EventCountry "RUS"]
[SourceTitle "playchess.com"]
[Source "ChessBase"]
[SourceQuality "1"]
[TimeControl "40/5400+30:1800+30"]

1. c4 c5 2. g3 g6 3. Bg2 Bg7 4. Nc3 Nc6 5. b3 Nf6 6. Bb2 O-O 7. e4 b6 8. Nge2 Bb7 9. O-O e6 10. f4 d6 11. h3 a6 12. d3 Nd7 13. Qd2 Nd4 14. Kh2 b5 15. Nxd4 cxd4 16. Ne2 e5 17. Ba3 bxc4 18. bxc4 Nc5 19. Rab1 Bc6 20. fxe5 Bxe5 21. Bb2 Ne6 22. Kg1 Qe7 23. h4 f5 24. exf5 Bxg2 25. Kxg2 gxf5 26. Rf3 Qg7 27. Rbf1 Qg4 28. Bc1 Rae8 29. Qd1 f4 30. R1f2 h5 31. Qh1 fxg3 32. Nxg3 Rxf3 33. Rxf3 Rf8 34. Rxf8+ Kxf8 35. Qh3 Nc5 36. Qxg4 hxg4 37. Ba3 Nxd3 38. Nf5 Nc5 39. Nh6 g3 40. Ng4 Bf4 41. Kf3 d3 42. Bb2 d2 43. Ke2 g2 44. Bd4 Ne4 0-1

[Event "23rd Alekhine Master 2019"]
[Site "Voronezh"]
[Date "2019.06.14"]
[Round "3.14"]
[White "Belyakov, Bogdan"]
[Black "Skatchkov, Valery"]
[Result "1-0"]
[ECO "E46"]
[WhiteElo "2483"]
[BlackElo "2318"]
[Annotator "ChessBase"]
[PlyCount "48"]
[EventDate "2019.06.12"]
[EventType "swiss"]
[EventCountry "RUS"]
[SourceTitle "playchess.com"]
[Source "ChessBase"]
[SourceQuality "1"]
[TimeControl "40/5400+30:1800+30"]

1. d4 Nf6 2. c4 e6 3. Nc3 Bb4 4. e3 O-O 5. Nge2 Re8 6. a3 Bf8 7. Ng3 d5 8. Be2 b6 9. cxd5 exd5 10. O-O Bb7 11. b4 a6 12. Qb3 Nbd7 13. Bf3 c6 14. e4 dxe4 15. Ngxe4 h6 16. Be3 Nd5 17. Rfc1 Be7 18. Ra2 N7f6 19. Nxf6+ Nxf6 20. Rac2 Bd6 21. g3 Rb8 22. Qa2 Re7 23. Qb1 c5 24. Bxb7 Rexb7 1-0

[Event "23rd Alekhine Master 2019"]
[Site "Voronezh"]
[Date "2019.06.15"]
[Round "4.1"]
[White "Svetushkin, Dmitry"]
[Black "Pavlov, Sergey"]
[Result "0-1"]
[ECO "B31"]
[WhiteElo "2532"]
[BlackElo "2473"]
[Annotator "ChessBase"]
[PlyCount "70"]
[EventDate "2019.06.12"]
[EventType "swiss"]
[EventCountry "RUS"]
[SourceTitle "playchess.com"]
[Source "ChessBase"]
[SourceQuality "1"]
[TimeControl "40/5400+30:1800+30"]

1. e4 c5 2. Nf3 Nc6 3. Bb5 g6 4. c3 Nf6 5. Qe2 Bg7 6. d4 cxd4 7. cxd4 d5 8. e5 Ne4 9. O-O O-O 10. Rd1 f6 11. Nc3 Nxc3 12. bxc3 Bg4 13. Bxc6 bxc6 14. e6 Qd6 15. Re1 f5 16. h3 Bxf3 17. Qxf3 f4 18. a4 Rab8 19. Ba3 Qc7 20. Bc5 Rf6 21. a5 a6 22. Rab1 Rxb1 23. Rxb1 Rxe6 24. Rb6 Re1+ 25. Kh2 Bf6 26. Rxa6 Bh4 27. Ra8+ Kg7 28. Ra7 Qb8 29. Bb6 Rf1 30. Qd3 f3+ 31. Rc7 fxg2 32. Kxg2 Rxf2+ 33. Kg1 Qf8 34. Qe3 Rf1+ 35. Kg2 Re1 0-1

[Event "23rd Alekhine Master 2019"]
[Site "Voronezh"]
[Date "2019.06.15"]
[Round "4.3"]
[White "Utegaliyev, Azamat"]
[Black "Tsydypov, Zhamsaran"]
[Result "1-0"]
[ECO "A14"]
[WhiteElo "2495"]
[BlackElo "2573"]
[Annotator "ChessBase"]
[PlyCount "66"]
[EventDate "2019.06.12"]
[EventType "swiss"]
[EventCountry "RUS"]
[SourceTitle "playchess.com"]
[Source "ChessBase"]
[SourceQuality "1"]
[TimeControl "40/5400+30:1800+30"]

1. c4 e6 2. g3 d5 3. Bg2 Nf6 4. Nf3 Be7 5. O-O O-O 6. b3 b6 7. Bb2 Bb7 8. cxd5 exd5 9. d3 Re8 10. Nbd2 c5 11. e3 Nc6 12. a3 Ba6 13. Qc2 Rc8 14. Rfe1 d4 15. e4 Nd7 16. Rad1 g5 17. h3 h5 18. Nh2 Nde5 19. Nc4 g4 20. Nxe5 Nxe5 21. hxg4 hxg4 22. Qe2 Qd7 23. Bc1 Bd6 24. Bf4 f5 25. Qc2 Kg7 26. exf5 Nf3+ 27. Bxf3 gxf3 28. Qd2 Re2 29. Rxe2 Bxf4 30. f6+ Kg8 31. Qxf4 fxe2 32. Re1 Bxd3 33. Ng4 Kh8 1-0

[Event "23rd Alekhine Master 2019"]
[Site "Voronezh"]
[Date "2019.06.15"]
[Round "4.4"]
[White "Rozum, Ivan"]
[Black "Belyakov, Bogdan"]
[Result "1/2-1/2"]
[ECO "E63"]
[WhiteElo "2572"]
[BlackElo "2483"]
[Annotator "ChessBase"]
[PlyCount "123"]
[EventDate "2019.06.12"]
[EventType "swiss"]
[EventCountry "RUS"]
[SourceTitle "playchess.com"]
[Source "ChessBase"]
[SourceQuality "1"]
[TimeControl "40/5400+30:1800+30"]

1. c4 g6 2. Nf3 Bg7 3. d4 Nf6 4. g3 O-O 5. Bg2 d6 6. Nc3 Nc6 7. O-O a6 8. b3 Rb8 9. d5 Na5 10. Bg5 h6 11. Bd2 c5 12. dxc6 Nxc6 13. Ne1 Ne5 14. a4 a5 15. Nc2 Nfd7 16. Na3 Nc5 17. Nab5 Bd7 18. h3 Bc6 19. Rb1 Bxg2 20. Kxg2 b6 21. Be3 Nc6 22. Nd5 Qc8 23. Na7 Qb7 24. Nxc6 Qxc6 25. Kh2 Rfe8 26. Bd4 Ne6 27. Bxg7 Kxg7 28. f4 Nc7 29. e4 Nxd5 30. exd5 Qd7 31. Rb2 Qf5 32. Re2 h5 33. Qd4+ Qf6 34. Qf2 Qf5 35. Rfe1 Rb7 36. Re4 Qf6 37. Kg2 Rh8 38. R1e3 Re8 39. Qe2 Rc7 40. Rd3 Rb7 41. Rd1 Rh8 42. Rf1 Rc7 43. Rf2 Rb7 44. Re3 Kf8 45. f5 g5 46. Re6 Qd4 47. Re4 Qf6 48. h4 gxh4 49. Rxh4 Qg5 50. Qd2 f6 51. Qxg5 fxg5 52. Re4 Rh6 53. Re6 Rf6 54. Rf1 Kg7 55. Rh1 h4 56. Rf1 Kf7 57. Kh3 Rb8 58. Rfe1 Re8 59. Rf1 Rh8 60. Rfe1 Re8 61. Rf1 Rh8 62. Rfe1 1/2-1/2

[Event "23rd Alekhine Master 2019"]
[Site "Voronezh"]
[Date "2019.06.15"]
[Round "4.5"]
[White "Zakhartsov, Vladimir"]
[Black "Shaposhnikov, Evgeny"]
[Result "1/2-1/2"]
[ECO "E12"]
[WhiteElo "2480"]
[BlackElo "2572"]
[Annotator "ChessBase"]
[PlyCount "58"]
[EventDate "2019.06.12"]
[EventType "swiss"]
[EventCountry "RUS"]
[SourceTitle "playchess.com"]
[Source "ChessBase"]
[SourceQuality "1"]
[TimeControl "40/5400+30:1800+30"]

1. d4 Nf6 2. c4 e6 3. Nf3 b6 4. a3 Bb7 5. Nc3 g6 6. Qc2 Bg7 7. e4 d6 8. Be2 O-O 9. O-O Nbd7 10. h3 c5 11. d5 exd5 12. exd5 a6 13. Bf4 Qc7 14. Rad1 Rfe8 15. Rfe1 Re7 16. Bf1 Rae8 17. Rxe7 Rxe7 18. Qd2 Ne4 19. Nxe4 Rxe4 20. Re1 Rxe1 21. Qxe1 Nf6 22. b4 Kf8 23. bxc5 bxc5 24. Qb1 Bc8 25. Bd3 Nd7 26. Ng5 Kg8 27. Nf3 Kf8 28. Ng5 Kg8 29. Nf3 Kf8 1/2-1/2

[Event "23rd Alekhine Master 2019"]
[Site "Voronezh"]
[Date "2019.06.15"]
[Round "4.6"]
[White "Goganov, Aleksey"]
[Black "Rios, Cristhian Camilo"]
[Result "0-1"]
[ECO "A06"]
[WhiteElo "2559"]
[BlackElo "2513"]
[Annotator "ChessBase"]
[PlyCount "62"]
[EventDate "2019.06.12"]
[EventType "swiss"]
[EventCountry "RUS"]
[SourceTitle "playchess.com"]
[Source "ChessBase"]
[SourceQuality "1"]
[TimeControl "40/5400+30:1800+30"]

1. Nf3 d5 2. e3 Nf6 3. c4 e6 4. Nc3 Be7 5. b3 O-O 6. Bb2 b6 7. cxd5 exd5 8. d4 Bb7 9. Bd3 Nbd7 10. O-O Ne4 11. Qc2 Ndf6 12. Ne5 Nxc3 13. Bxc3 c5 14. Rfd1 Qc7 15. Bb2 Bd6 16. Nf3 Ne4 17. g3 Rfe8 18. Rac1 Rac8 19. dxc5 bxc5 20. Bf1 d4 21. exd4 Nxg3 22. hxg3 Bxf3 23. Rd3 Be4 24. dxc5 Bxd3 25. Qxd3 Bxc5 26. Bh3 Red8 27. Qc3 Bxf2+ 28. Kxf2 Qb6+ 29. Qe3 Rd2+ 30. Kf3 Qb7+ 31. Kg4 Rxb2 0-1

[Event "23rd Alekhine Master 2019"]
[Site "Voronezh"]
[Date "2019.06.15"]
[Round "4.7"]
[White "Meshkovs, Nikita"]
[Black "Potapov, Pavel"]
[Result "1/2-1/2"]
[ECO "A85"]
[WhiteElo "2550"]
[BlackElo "2479"]
[Annotator "ChessBase"]
[PlyCount "114"]
[EventDate "2019.06.12"]
[EventType "swiss"]
[EventCountry "RUS"]
[SourceTitle "playchess.com"]
[Source "ChessBase"]
[SourceQuality "1"]
[TimeControl "40/5400+30:1800+30"]

1. d4 f5 2. c4 Nf6 3. Nc3 g6 4. Bg5 Bg7 5. Qc2 O-O 6. O-O-O c5 7. e3 Na6 8. Nh3 d6 9. Nf4 Qa5 10. a3 e5 11. dxe5 dxe5 12. Nfd5 Be6 13. Nxf6+ Bxf6 14. Bxf6 Rxf6 15. Be2 Nc7 16. Rd6 Ne8 17. Rd2 Rd8 18. Rhd1 Rxd2 19. Qxd2 Rf8 20. Bf3 Qa6 21. Qd8 e4 22. Be2 Qc6 23. Qa5 Nd6 24. Nd5 Nc8 25. Nf4 Bf7 26. h4 h5 27. g3 Nb6 28. Qc3 Re8 29. b3 Qc7 30. Qf6 Qe7 31. Qg5 Qxg5 32. hxg5 Kf8 33. Kc2 Ke7 34. f3 Rd8 35. Rh1 Rh8 36. fxe4 fxe4 37. Rh4 Nc8 38. g4 Nd6 39. gxh5 gxh5 40. g6 Nf5 41. Rxh5 Rxh5 42. Bxh5 Be8 43. Nd5+ Kf8 44. b4 cxb4 45. axb4 Bc6 46. Bg4 Bxd5 47. Bxf5 Bxc4 48. Bxe4 b6 49. Kc3 Bb5 50. Bd3 Bxd3 51. Kxd3 a5 52. bxa5 bxa5 53. Kc4 Kg7 54. Kb5 Kxg6 55. Kxa5 Kf5 56. Kb5 Ke4 57. Kc5 Kxe3 1/2-1/2

[Event "23rd Alekhine Master 2019"]
[Site "Voronezh"]
[Date "2019.06.15"]
[Round "4.8"]
[White "Maiorov, Nikita"]
[Black "Kabanov, Nikolai"]
[Result "1-0"]
[ECO "D37"]
[WhiteElo "2527"]
[BlackElo "2455"]
[Annotator "ChessBase"]
[PlyCount "89"]
[EventDate "2019.06.12"]
[EventType "swiss"]
[EventCountry "RUS"]
[SourceTitle "playchess.com"]
[Source "ChessBase"]
[SourceQuality "1"]
[TimeControl "40/5400+30:1800+30"]

1. d4 Nf6 2. c4 e6 3. Nf3 d5 4. Nc3 Nbd7 5. cxd5 exd5 6. Bg5 Be7 7. e3 O-O 8. Bd3 c6 9. Qc2 Re8 10. O-O Nf8 11. Rab1 a5 12. h3 g6 13. Bf4 Ne6 14. Be5 Ng7 15. Qb3 Nd7 16. Bh2 Nb6 17. Rbd1 a4 18. Qc2 Bf5 19. Ne5 Bxd3 20. Nxd3 Ne6 21. Nc5 Bxc5 22. dxc5 Nd7 23. Bd6 Ndxc5 24. Bxc5 Nxc5 25. Nxd5 Ne6 26. Nc3 Qa5 27. Rd7 Nc5 28. Rd4 Qb6 29. Rb1 Red8 30. Rbd1 Rxd4 31. exd4 Ne6 32. d5 cxd5 33. Nxd5 Qc5 34. Qe4 a3 35. b4 Qf8 36. Nf6+ Kh8 37. Rd7 Qg7 38. Qe5 b5 39. Rb7 Rd8 40. Rxb5 Qh6 41. Ng4+ Qg7 42. Nf6 Qh6 43. Rb7 Qc1+ 44. Kh2 Kg7 45. Nd5+ 1-0

[Event "23rd Alekhine Master 2019"]
[Site "Voronezh"]
[Date "2019.06.15"]
[Round "4.9"]
[White "Moiseenko, Vadim"]
[Black "Ruiz Castillo, Joshua Daniel"]
[Result "0-1"]
[ECO "C01"]
[WhiteElo "2525"]
[BlackElo "2472"]
[Annotator "ChessBase"]
[PlyCount "64"]
[EventDate "2019.06.12"]
[EventType "swiss"]
[EventCountry "RUS"]
[SourceTitle "playchess.com"]
[Source "ChessBase"]
[SourceQuality "1"]
[TimeControl "40/5400+30:1800+30"]

1. e4 e6 2. d4 d5 3. exd5 exd5 4. Nf3 Nc6 5. Nc3 Bb4 6. a3 Bxc3+ 7. bxc3 Nge7 8. Bd3 O-O 9. O-O Bf5 10. Re1 Re8 11. Bf4 Qd7 12. Rb1 Bxd3 13. cxd3 b6 14. Qd2 f6 15. h3 Ng6 16. Bh2 Na5 17. Rec1 Rac8 18. c4 dxc4 19. dxc4 c5 20. Bg3 Qa4 21. Qa2 Kh8 22. Bd6 cxd4 23. c5 Nb7 24. Qf7 Nxc5 25. Bxc5 Rxc5 26. Rxc5 bxc5 27. Rb7 Rg8 28. Rxa7 Qd1+ 29. Kh2 Qe2 30. Kg1 c4 31. Rc7 Ne5 32. Qd5 d3 0-1

[Event "23rd Alekhine Master 2019"]
[Site "Voronezh"]
[Date "2019.06.15"]
[Round "4.10"]
[White "Visakh N R"]
[Black "Yeletsky, Ivan"]
[Result "1/2-1/2"]
[ECO "B53"]
[WhiteElo "2518"]
[BlackElo "2438"]
[Annotator "ChessBase"]
[PlyCount "82"]
[EventDate "2019.06.12"]
[EventType "swiss"]
[EventCountry "RUS"]
[SourceTitle "playchess.com"]
[Source "ChessBase"]
[SourceQuality "1"]
[TimeControl "40/5400+30:1800+30"]

1. e4 c5 2. Nf3 d6 3. d4 cxd4 4. Qxd4 Nc6 5. Bb5 Bd7 6. Bxc6 Bxc6 7. c4 Nf6 8. Nc3 g6 9. O-O Bg7 10. Qd3 O-O 11. Nd4 Rc8 12. b3 Nxe4 13. Nxe4 d5 14. Nxc6 Rxc6 15. Rb1 dxe4 16. Qxe4 Qd7 17. Bg5 Re8 18. Rbd1 Rd6 19. Rxd6 exd6 20. Qd3 d5 21. Qxd5 Qxd5 22. cxd5 Re5 23. Be3 Rxd5 24. Rc1 Bb2 25. Rc8+ Kg7 26. Kf1 Bd4 27. Bxd4+ Rxd4 28. Rc7 Rd2 29. a3 Ra2 30. a4 b6 31. Rxa7 Rb2 32. Rb7 Rxb3 33. a5 b5 34. a6 Ra3 35. a7 Ra2 36. Ke1 b4 37. Kd1 b3 38. Kc1 g5 39. Kd1 Ra1+ 40. Ke2 b2 41. Rxb2 Rxa7 1/2-1/2

[Event "23rd Alekhine Master 2019"]
[Site "Voronezh"]
[Date "2019.06.15"]
[Round "4.11"]
[White "Krapivin, Alexander"]
[Black "Savchenko, Boris"]
[Result "1/2-1/2"]
[ECO "B26"]
[WhiteElo "2431"]
[BlackElo "2567"]
[Annotator "ChessBase"]
[PlyCount "93"]
[EventDate "2019.06.12"]
[EventType "swiss"]
[EventCountry "RUS"]
[SourceTitle "playchess.com"]
[Source "ChessBase"]
[SourceQuality "1"]
[TimeControl "40/5400+30:1800+30"]

1. e4 c5 2. Nc3 Nc6 3. g3 g6 4. Bg2 Bg7 5. d3 d6 6. Be3 Nf6 7. h3 Rb8 8. Qd2 O-O 9. Nge2 b5 10. a3 Nd7 11. O-O Nd4 12. Nd1 f5 13. f4 Bb7 14. Nc1 e5 15. c3 Ne6 16. Ne2 fxe4 17. dxe4 Nb6 18. b3 c4 19. b4 Qc7 20. Nf2 exf4 21. gxf4 Rbd8 22. Ng4 d5 23. e5 a6 24. Nd4 Bc8 25. f5 gxf5 26. Nxf5 d4 27. Nxd4 Nxd4 28. Bxd4 Bxg4 29. hxg4 Bxe5 30. Qg5+ Bg7 31. Rxf8+ Rxf8 32. Re1 Nc8 33. Re6 Kh8 34. Bxg7+ Qxg7 35. Qxg7+ Kxg7 36. Rxa6 Rd8 37. a4 bxa4 38. Rxa4 Rd3 39. Ra3 Nd6 40. Bc6 Kf6 41. b5 Kg5 42. b6 Kxg4 43. b7 Rd1+ 44. Kf2 Rb1 45. Ra4 Nxb7 46. Rxc4+ Kg5 47. Bxb7 1/2-1/2

[Event "23rd Alekhine Master 2019"]
[Site "Voronezh"]
[Date "2019.06.15"]
[Round "4.13"]
[White "Yeritsyan, Aram"]
[Black "Fedorov, Alexei"]
[Result "1/2-1/2"]
[ECO "B30"]
[WhiteElo "2352"]
[BlackElo "2553"]
[Annotator "ChessBase"]
[PlyCount "90"]
[EventDate "2019.06.12"]
[EventType "swiss"]
[EventCountry "RUS"]
[SourceTitle "playchess.com"]
[Source "ChessBase"]
[SourceQuality "1"]
[TimeControl "40/5400+30:1800+30"]

1. e4 c5 2. Nf3 Nc6 3. Nc3 e5 4. Bc4 Be7 5. d3 d6 6. Nd2 Nf6 7. Nf1 O-O 8. Ne3 Nd7 9. Ncd5 Nb6 10. Nxb6 axb6 11. O-O Bg5 12. c3 Kh8 13. Nd5 Bxc1 14. Qxc1 Be6 15. a4 Ne7 16. Nxe7 Qxe7 17. f4 Bxc4 18. dxc4 f5 19. Qc2 Rae8 20. fxe5 f4 21. exd6 Qxd6 22. Rad1 Qg6 23. Qd2 f3 24. Rde1 h6 25. e5 Rf5 26. Rf2 fxg2 27. Rxf5 Qxf5 28. Qd5 Rf8 29. Qxg2 Qe6 30. Qxb7 Qxc4 31. e6 Qxa4 32. e7 Re8 33. Qd5 Qf4 34. Rf1 Qe3+ 35. Kh1 Qxe7 36. Qf3 Qe2 37. b4 cxb4 38. cxb4 Qxf3+ 39. Rxf3 Re4 40. Rb3 b5 41. Kg2 Kh7 42. Kf3 Rc4 43. Kg3 h5 44. Kf3 Kh6 45. Kg3 g5 1/2-1/2

[Event "23rd Alekhine Master 2019"]
[Site "Voronezh"]
[Date "2019.06.15"]
[Round "4.14"]
[White "Puranik, Abhimanyu"]
[Black "Smirnov, Timofey"]
[Result "1-0"]
[ECO "C91"]
[WhiteElo "2548"]
[BlackElo "2335"]
[Annotator "ChessBase"]
[PlyCount "122"]
[EventDate "2019.06.12"]
[EventType "swiss"]
[EventCountry "RUS"]
[SourceTitle "playchess.com"]
[Source "ChessBase"]
[SourceQuality "1"]
[TimeControl "40/5400+30:1800+30"]

1. e4 e5 2. Nf3 Nc6 3. Bb5 a6 4. Ba4 Nf6 5. O-O Be7 6. Re1 b5 7. Bb3 d6 8. c3 O-O 9. d4 Bg4 10. d5 Na5 11. Bc2 c6 12. h3 Bd7 13. Nxe5 dxe5 14. d6 Nb7 15. dxe7 Qxe7 16. Qf3 Be6 17. Bg5 h6 18. Be3 Nd7 19. Nd2 Qf6 20. Qg3 Qg6 21. Qxg6 fxg6 22. a4 g5 23. Ra3 c5 24. axb5 axb5 25. Rea1 Rxa3 26. Rxa3 Kf7 27. Ra7 Rb8 28. Kf1 Ke8 29. Ke2 Kd8 30. b4 cxb4 31. cxb4 Nd6 32. Bd3 Rc8 33. Ra5 Rb8 34. Ra6 Ke7 35. Ra7 Kf6 36. Ra6 Ke7 37. Nb1 Rc8 38. Ra7 Kd8 39. Ra5 Rc6 40. Nd2 Bc4 41. Nxc4 bxc4 42. Bc2 Rc7 43. Kd2 c3+ 44. Kd3 Nc4 45. Ra8+ Ke7 46. Bc1 Ndb6 47. Ra6 Rc6 48. Bb3 Nd2 49. Ra7+ Kf6 50. Bc2 Ndc4 51. Bb3 Nd2 52. Bd5 Nxd5 53. exd5 Rc8 54. Ra6+ Kf7 55. Rc6 Rd8 56. Rxc3 Rxd5+ 57. Ke3 Nf1+ 58. Ke2 Nh2 59. Rb3 Rb5 60. f3 h5 61. Bxg5 Rc5 1-0

[Event "23rd Alekhine Master 2019"]
[Site "Voronezh"]
[Date "2019.06.16"]
[Round "5.2"]
[White "Afanasiev, Nikita"]
[Black "Utegaliyev, Azamat"]
[Result "0-1"]
[ECO "B01"]
[WhiteElo "2524"]
[BlackElo "2495"]
[Annotator "RC"]
[PlyCount "116"]
[EventDate "2019.06.12"]
[EventType "swiss"]
[EventCountry "RUS"]
[SourceTitle "playchess.com"]
[Source "ChessBase"]
[SourceQuality "1"]
[TimeControl "40/5400+30:1800+30"]

1. e4 d5 2. exd5 Qxd5 3. Nc3 Qd6 4. d4 Nf6 5. Nf3 Bg4 6. h3 Bh5 7. Nb5 Qd8 8. c3 e6 9. a4 a6 10. Na3 c5 11. Nc2 Nc6 12. dxc5 Qxd1+ 13. Kxd1 Bxc5 14. Ke1 Bxf3 15. gxf3 Nd5 16. Be3 Be7 17. Bc4 O-O-O 18. Rd1 Nxe3 19. Nxe3 g5 20. Ke2 Ne5 21. Bd3 Ng6 22. Bxg6 hxg6 23. Nc4 f6 24. Rxd8+ Kxd8 25. Ne3 Bd6 26. Kf1 Rh4 27. b3 Be5 28. c4 Ke7 29. Nc2 Rh8 30. Nb4 f5 31. Nd3 Bd4 32. Kg2 Rd8 33. Rd1 a5 34. Ne1 e5 35. Kf1 Kd6 36. Nd3 Rh8 37. Kg2 Kc6 38. Re1 Re8 39. Rd1 Ba7 40. Ne1 Bd4 41. Nd3 Ba7 42. Ne1 Bd4 43. Nd3 Ra8 44. Kf1 Rh8 45. Kg2 Kd6 46. Ne1 Ra8 47. Nd3 Ra6 48. h4 gxh4 49. f4 Ke7 50. fxe5 g5 51. Nf4 Bc5 52. Nd5+ Kf8 53. f3 Re6 54. f4 g4 55. Nc7 Rc6 56. Rd7 Rh6 57. Nd5 h3+ 58. Kh2 g3+ 0-1